EVO
OKLAHOMA STATE UNIVERSITY COWBOYS @ CLEMSON UNIVERSITY TIGERS
12/21/2047
 
TOP OF THE 1ST
Oklahoma State University Cowboys batting - Pitching for Clemson University Tigers : RHP Luis Yanez
Pitching: RHP Luis Yanez
Batting: RHB Simon Gravitt 0-0: Ball
1-0: Fly out, F7 (Flyball, 7D, EV 96.9 MPH)
Batting: RHB Jon Guzman 0-0: Swinging Strike
0-1: Ball
1-1: Swinging Strike
1-2: Strikes out swinging, 2-3 out at first.
Batting: LHB Kyle David 0-0: Called Strike
0-1: Ball
1-1: Called Strike
1-2: Foul Ball, location: 2F
1-2: SINGLE (Line Drive, 9S, EV 100.0 MPH)
Batting: LHB Jeff Williams 0-0: Swinging Strike
0-1: Ball
1-1: Ball
2-1: Ball
3-1: Foul Ball, location: 2F
3-2: Base on Balls
Kyle David to second
Batting: RHB Magnus Laursen 0-0: Called Strike
0-1: Called Strike
0-2: Ball
1-2: Ball
2-2: Ball
3-2: Ground out 5-3 (Groundball, 56, EV 83.8 MPH)
Top of the 1st over - 0 runs, 1 hit, 0 errors, 2 left on base; Oklahoma State University 0 - Clemson University 0
BOTTOM OF THE 1ST
Clemson University Tigers batting - Pitching for Oklahoma State University Cowboys : LHP Dusty Blubaugh
Pitching: LHP Dusty Blubaugh
Batting: RHB Adrian Franz 0-0: Foul Ball, location: 2F
0-1: Called Strike
0-2: Fly out, F9 (Flyball, 89M, EV 96.2 MPH)
Batting: RHB Jason Duncan 0-0: Ball
1-0: Called Strike
1-1: Foul Ball, location: 2F
1-2: Ball
2-2: Strikes out looking
Batting: LHB Wade Girard 0-0: Called Strike
0-1: Foul Ball, location: 2F
0-2: Ball
1-2: SINGLE (Line Drive, 9S, EV 96.9 MPH)
Batting: RHB Nick Ellis 0-0: Ball
1-0: Called Strike
1-1: Called Strike
1-2: Ball
2-2: Foul Ball, location: 2F
2-2: Ball
3-2: Foul Ball, location: 2F
3-2: Ground out 1-3 (Groundball, 13S, EV 70.6 MPH)
Bottom of the 1st over - 0 runs, 1 hit, 0 errors, 1 left on base; Oklahoma State University 0 - Clemson University 0
TOP OF THE 2ND
Oklahoma State University Cowboys batting - Pitching for Clemson University Tigers : RHP Luis Yanez
Batting: LHB Cory Rohr 0-0: Called Strike
0-1: Ground out 2-3 (Groundball, 2R, EV 69.4 MPH)
Batting: RHB Rory Cardosi 0-0: Foul Ball, location: 2F
0-1: SOLO HOME RUN (Flyball, 7D, EV 94.4 MPH), Distance : 364 ft
Batting: RHB Estevan Alvarez 0-0: Ball
1-0: Ball
2-0: Foul Ball, location: 2F
2-1: Ball
3-1: Base on Balls
Batting: RHB Frederik Koster 0-0: Fielders Choice at 2nd, 5-4 (Groundball, 5L, EV 78.1 MPH)
Batting: RHB Simon Gravitt 0-0: Called Strike
0-1: Ball
1-1: Called Strike
1-2: Foul Ball, location: 2F
1-2: Ball
2-2: Ball
3-2: Base on Balls
Frederik Koster to second
Batting: RHB Jon Guzman 0-0: Called Strike
0-1: Ball
1-1: Ball
2-1: Foul Ball, location: 2F
2-2: Fielders Choice at 2nd, 5-4 (Groundball, 5, EV 98.8 MPH)
Top of the 2nd over - 1 run, 1 hit, 0 errors, 2 left on base; Oklahoma State University 1 - Clemson University 0
BOTTOM OF THE 2ND
Clemson University Tigers batting - Pitching for Oklahoma State University Cowboys : LHP Dusty Blubaugh
Batting: RHB Josh LeSage 0-0: Called Strike
0-1: Ball
1-1: Called Strike
1-2: Foul Ball, location: 2F
1-2: Ball
2-2: Foul Ball, location: 2F
2-2: Ball
3-2: Strikes out swinging
Batting: LHB Steve Gates 0-0: Ball
1-0: SINGLE (Line Drive, 89M, EV 107.5 MPH)
Batting: RHB Steve Brock 0-0: Ball
1-0: Ball
2-0: Called Strike
2-1: Foul Ball, location: 2F
2-2: Ball
3-2: SINGLE (Groundball, 4MD, EV 108.8 MPH) (infield hit)
Steve Gates to second
Batting: LHB Bryant Dill 0-0: Ball
1-0: Ball
2-0: Foul Ball, location: 2F
2-1: Fly out, F8 (Flyball, 78D, EV 102.5 MPH)
Batting: RHB Ross Hallock 0-0: Fly out, F8 (Flyball, 8RM, EV 81.2 MPH)
Bottom of the 2nd over - 0 runs, 2 hits, 0 errors, 2 left on base; Oklahoma State University 1 - Clemson University 0
TOP OF THE 3RD
Oklahoma State University Cowboys batting - Pitching for Clemson University Tigers : RHP Luis Yanez
Batting: LHB Kyle David 0-0: Foul Ball, location: 2F
0-1: Ball
1-1: Fly out, F6 (Popup, 6M, EV 56.2 MPH)
Batting: LHB Jeff Williams 0-0: Swinging Strike
0-1: Called Strike
0-2: Ground out U3 (Groundball, 34, EV 102.5 MPH)
Batting: RHB Magnus Laursen 0-0: Ball
1-0: Foul Ball, location: 2F
1-1: Ball
2-1: Ball
3-1: Called Strike
3-2: Base on Balls
Batting: LHB Cory Rohr 0-0: Ball
1-0: Called Strike
1-1: Ball
2-1: Foul Ball, location: 2F
2-2: Strikes out swinging
Top of the 3rd over - 0 runs, 0 hits, 0 errors, 1 left on base; Oklahoma State University 1 - Clemson University 0
BOTTOM OF THE 3RD
Clemson University Tigers batting - Pitching for Oklahoma State University Cowboys : LHP Dusty Blubaugh
Batting: RHB Adrian Franz 0-0: Ball
1-0: Called Strike
1-1: Called Strike
1-2: SINGLE (Flyball, 78S, EV 90.0 MPH)
Batting: RHB Jason Duncan 0-0: Called Strike
0-1: Ball
1-1: Foul Ball, location: 2F
1-2: Ball
2-2: Foul Ball, location: 2F
2-2: Ball
3-2: Fielders Choice at 2nd, 6-4 (Groundball, 56, EV 105.6 MPH)
Batting: LHB Wade Girard 0-0: Ball
1-0: Ball
2-0: Foul Ball, location: 2F
2-1: Ball
3-1: Base on Balls
Jason Duncan to second
Batting: RHB Nick Ellis 0-0: Ground out 5-3 (Groundball, 56S, EV 65.0 MPH)
Jason Duncan to third
Wade Girard to second
Batting: RHB Josh LeSage 0-0: Called Strike
0-1: Fly out, F4 (Popup, 4D, EV 58.8 MPH)
Bottom of the 3rd over - 0 runs, 1 hit, 0 errors, 2 left on base; Oklahoma State University 1 - Clemson University 0
TOP OF THE 4TH
Oklahoma State University Cowboys batting - Pitching for Clemson University Tigers : RHP Luis Yanez
Batting: RHB Rory Cardosi 0-0: Swinging Strike
0-1: Ball
1-1: Ball
2-1: Foul Ball, location: 2F
2-2: Strikes out looking
Batting: RHB Estevan Alvarez 0-0: Reached via error on a dropped throw from 1B, E1 (Groundball, 34S, EV 85.0 MPH)
Batting: RHB Frederik Koster 0-0: Called Strike
0-1: Swinging Strike
0-2: Fly out, F7 (Flyball, 7, EV 86.2 MPH)
Batting: RHB Simon Gravitt 0-0: Ball
1-0: Ball
2-0: Called Strike
Balk!
Estevan Alvarez to second
2-1: Swinging Strike
2-2: Foul Ball, location: 2F
2-2: Foul Ball, location: 2F
2-2: Foul Ball, location: 2F
2-2: Foul Ball, location: 2F
2-2: Ball
3-2: Strikes out swinging
Top of the 4th over - 0 runs, 0 hits, 1 error, 1 left on base; Oklahoma State University 1 - Clemson University 0
BOTTOM OF THE 4TH
Clemson University Tigers batting - Pitching for Oklahoma State University Cowboys : LHP Dusty Blubaugh
Batting: LHB Steve Gates 0-0: Ground out 4-3 (Groundball, 4, EV 86.2 MPH)
Batting: RHB Steve Brock 0-0: Ball
1-0: Fly out, F8 (Line Drive, 8LD, EV 105.6 MPH)
Batting: LHB Bryant Dill 0-0: Called Strike
0-1: Ball
1-1: Swinging Strike
1-2: Ground out 4-3 (Groundball, 4, EV 105.6 MPH)
Bottom of the 4th over - 0 runs, 0 hits, 0 errors, 0 left on base; Oklahoma State University 1 - Clemson University 0
TOP OF THE 5TH
Oklahoma State University Cowboys batting - Pitching for Clemson University Tigers : RHP Luis Yanez
Pitching: RHP Cong Tung
Batting: RHB Jon Guzman 0-0: Foul Ball, location: 2F
0-1: Ball
1-1: Fly out, F7 (Flyball, 7S, EV 89.4 MPH)
Batting: LHB Kyle David 0-0: Called Strike
0-1: Ball
1-1: SINGLE (Groundball, 34D, EV 95.6 MPH)
Batting: LHB Jeff Williams 0-0: Foul Ball, location: 2F
0-1: Foul Ball, location: 2F
0-2: Ball
1-2: Ball
2-2: Fly out, F9 (Flyball, 9, EV 93.1 MPH)
Batting: RHB Magnus Laursen 0-0: Called Strike
0-1: Foul Ball, location: 2F
0-2: Strikes out looking
Top of the 5th over - 0 runs, 1 hit, 0 errors, 1 left on base; Oklahoma State University 1 - Clemson University 0
BOTTOM OF THE 5TH
Clemson University Tigers batting - Pitching for Oklahoma State University Cowboys : LHP Dusty Blubaugh
Batting: RHB Ross Hallock 0-0: Called Strike
0-1: Ball
1-1: Ball
2-1: Foul Ball, location: 2F
2-2: Ball
3-2: Base on Balls
Batting: RHB Adrian Franz 0-0: Called Strike
0-1: Fly out, F7 (Flyball, 7LS, EV 76.9 MPH)
Pitching: LHP Jared Hauck
Batting: RHB Jason Duncan 0-0: Ball
1-0: Fly out, F7 (Line Drive, 7, EV 88.8 MPH)
Batting: LHB Wade Girard 0-0: Foul Ball, location: 2F
0-1: Swinging Strike
0-2: Strikes out looking
Bottom of the 5th over - 0 runs, 0 hits, 0 errors, 1 left on base; Oklahoma State University 1 - Clemson University 0
TOP OF THE 6TH
Oklahoma State University Cowboys batting - Pitching for Clemson University Tigers : RHP Cong Tung
Batting: LHB Cory Rohr 0-0: Called Strike
0-1: DOUBLE (Groundball, 3D, EV 106.2 MPH)
Batting: RHB Rory Cardosi 0-0: Ball
1-0: 2-RUN HOME RUN (Line Drive, 78XD, EV 106.9 MPH), Distance : 413 ft
Batting: RHB Estevan Alvarez 0-0: Called Strike
0-1: Ball
1-1: Ball
2-1: Foul Ball, location: 2F
2-2: Fly out, F8 (Flyball, 8LM, EV 93.8 MPH)
Batting: RHB Frederik Koster 0-0: Ball
1-0: Ball
2-0: Fly out, F7 (Flyball, 78S, EV 88.8 MPH)
Batting: RHB Simon Gravitt 0-0: Ball
1-0: Foul Ball, location: 2F
1-1: Ball
2-1: Ball
3-1: Base on Balls
Batting: RHB Jon Guzman 0-0: Ball
1-0: Foul Ball, location: 2F
1-1: Foul Ball, location: 2F
1-2: Fly out, F8 (Flyball, 8RD, EV 88.1 MPH)
Top of the 6th over - 2 runs, 2 hits, 0 errors, 1 left on base; Oklahoma State University 3 - Clemson University 0
BOTTOM OF THE 6TH
Clemson University Tigers batting - Pitching for Oklahoma State University Cowboys : LHP Jared Hauck
Batting: RHB Nick Ellis 0-0: Ground out 3-1 (Groundball, 34S, EV 87.5 MPH)
Batting: RHB Josh LeSage 0-0: Ball
1-0: SINGLE (Groundball, 4MD, EV 98.8 MPH)
Batting: LHB Steve Gates 0-0: Ball
1-0: Called Strike
1-1: Ball
2-1: Called Strike
2-2: Fielders Choice at 2nd, 5-4 (Groundball, 56S, EV 86.2 MPH)
Batting: RHB Steve Brock 0-0: Ball
1-0: Ground out 4-3 (Groundball, 4, EV 80.6 MPH)
Bottom of the 6th over - 0 runs, 1 hit, 0 errors, 1 left on base; Oklahoma State University 3 - Clemson University 0
TOP OF THE 7TH
Oklahoma State University Cowboys batting - Pitching for Clemson University Tigers : RHP Cong Tung
Pitching: RHP Santos Gonzales
Batting: LHB Kyle David 0-0: Ball
1-0: Called Strike
1-1: Foul Ball, location: 2F
1-2: Foul Ball, location: 2F
1-2: Ball
2-2: SOLO HOME RUN (Line Drive, 9D, EV 105.0 MPH), Distance : 391 ft
Batting: LHB Jeff Williams 0-0: Called Strike
0-1: Ball
1-1: Ball
2-1: Swinging Strike
2-2: Ball
3-2: Strikes out looking
Batting: RHB Magnus Laursen 0-0: Foul Ball, location: 2F
0-1: Called Strike
0-2: Foul Ball, location: 2F
0-2: Strikes out swinging
Batting: LHB Cory Rohr 0-0: Called Strike
0-1: Swinging Strike
0-2: Strikes out swinging
Top of the 7th over - 1 run, 1 hit, 0 errors, 0 left on base; Oklahoma State University 4 - Clemson University 0
BOTTOM OF THE 7TH
Clemson University Tigers batting - Pitching for Oklahoma State University Cowboys : LHP Jared Hauck
Batting: LHB Bryant Dill 0-0: Ball
1-0: Ball
2-0: Ball
3-0: Base on Balls
Batting: RHB Ross Hallock 0-0: Foul Ball, location: 2F
0-1: Swinging Strike
0-2: Ball
1-2: Strikes out swinging
Pitching: RHP Mick Conner
Batting: RHB Adrian Franz 0-0: Called Strike
0-1: Fly out, F9 (Flyball, 9LMF, EV 93.1 MPH)
Batting: RHB Jason Duncan 0-0: Foul Ball, location: 2F
0-1: SINGLE (Groundball, 56D, EV 95.6 MPH)
Bryant Dill to second
Batting: LHB Wade Girard 0-0: Ball
1-0: Foul Ball, location: 2F
1-1: Ball
2-1: Called Strike
2-2: Ball
3-2: Ground out U3 (Groundball, 3, EV 107.5 MPH)
Bottom of the 7th over - 0 runs, 1 hit, 0 errors, 2 left on base; Oklahoma State University 4 - Clemson University 0
TOP OF THE 8TH
Oklahoma State University Cowboys batting - Pitching for Clemson University Tigers : RHP Santos Gonzales
Batting: RHB Rory Cardosi 0-0: Ball
1-0: Ball
2-0: Foul Ball, location: 2F
2-1: Foul Ball, location: 2F
2-2: Foul Ball, location: 2F
2-2: Foul Ball, location: 2F
2-2: Foul Ball, location: 2F
2-2: Foul Ball, location: 2F
2-2: Fly out, F8 (Flyball, 8RD, EV 88.1 MPH)
Batting: RHB Estevan Alvarez 0-0: Swinging Strike
0-1: Foul Ball, location: 2F
0-2: Ball
1-2: Ball
2-2: Ball
3-2: Foul Ball, location: 2F
3-2: Reached on error, E6 (Groundball, 6, EV 83.8 MPH)
Pitching: LHP Jonathan Hughes
Batting: RHB Frederik Koster 0-0: Ball
1-0: SINGLE (Flyball, 78S, EV 91.2 MPH)
Estevan Alvarez to second
Batting: RHB Simon Gravitt 0-0: Called Strike
0-1: Ball
1-1: Ball
2-1: SINGLE (Line Drive, 8LS, EV 94.4 MPH)
Estevan Alvarez to third
Frederik Koster to second
Batting: RHB Jon Guzman 0-0: Called Strike
0-1: Foul Ball, location: 2F
0-2: Foul Ball, location: 2F
0-2: Fly out, F9 (Flyball, 9D, EV 105.6 MPH)
Runner from 3rd tags up, SCORES, throw by RF
Frederik Koster to third
Batting: LHB Kyle David 0-0: Foul Ball, location: 2F
0-1: Ball
1-1: Ball
2-1: Foul Ball, location: 2F
2-2: Ball
3-2: Base on Balls
Simon Gravitt to second
Batting: LHB Jeff Williams 0-0: Swinging Strike
0-1: Ball
1-1: Ball
2-1: Ball
3-1: Called Strike
3-2: Strikes out swinging
Top of the 8th over - 1 run, 2 hits, 1 error, 3 left on base; Oklahoma State University 5 - Clemson University 0
BOTTOM OF THE 8TH
Clemson University Tigers batting - Pitching for Oklahoma State University Cowboys : RHP Mick Conner
Batting: RHB Nick Ellis 0-0: Called Strike
0-1: Ground out 6-3 (Groundball, 6, EV 80.0 MPH)
Batting: RHB Josh LeSage 0-0: Foul Ball, location: 2F
0-1: Called Strike
0-2: Foul Ball, location: 2F
0-2: SOLO HOME RUN (Line Drive, 78XD, EV 108.8 MPH), Distance : 432 ft
Batting: LHB Steve Gates 0-0: Ball
1-0: Foul Ball, location: 2F
1-1: Ball
2-1: Fly out, F7 (Flyball, 78S, EV 73.1 MPH)
Batting: RHB Steve Brock 0-0: SOLO HOME RUN (Flyball, 9D, EV 92.5 MPH), Distance : 361 ft
Batting: LHB Bryant Dill 0-0: Ground out 6-3 (Groundball, 6M, EV 97.5 MPH)
Bottom of the 8th over - 2 runs, 2 hits, 0 errors, 0 left on base; Oklahoma State University 5 - Clemson University 2
TOP OF THE 9TH
Oklahoma State University Cowboys batting - Pitching for Clemson University Tigers : LHP Jonathan Hughes
Batting: RHB Magnus Laursen 0-0: Swinging Strike
0-1: Ball
1-1: Ball
2-1: Fly out, F8 (Flyball, 8RM, EV 86.9 MPH)
Batting: LHB Cory Rohr 0-0: Ball
1-0: Ball
2-0: Swinging Strike
2-1: Fly out, F5 (Popup, 56S, EV 84.4 MPH)
Batting: RHB Rory Cardosi 0-0: Called Strike
0-1: Ball
1-1: Ball
2-1: Ball
3-1: Foul Ball, location: 2F
3-2: SINGLE (Groundball, 5D, EV 103.1 MPH)
Pitching: RHP Ahto Selin
Batting: RHB Estevan Alvarez 0-0: Called Strike
0-1: Called Strike
0-2: Foul Ball, location: 2F
0-2: Ball
1-2: Strikes out swinging
Top of the 9th over - 0 runs, 1 hit, 0 errors, 1 left on base; Oklahoma State University 5 - Clemson University 2
BOTTOM OF THE 9TH
Clemson University Tigers batting - Pitching for Oklahoma State University Cowboys : RHP Mick Conner
Pitching: RHP Justin Reed
Batting: RHB Ross Hallock 0-0: Called Strike
0-1: Ball
1-1: Ball
2-1: Ground out 6-3 (Groundball, 6, EV 109.4 MPH)
Pinch Hitting: LHB George Jedinak 0-0: Foul Ball, location: 2F
0-1: Ball
1-1: Foul Ball, location: 2F
1-2: Ball
2-2: Ball
3-2: Strikes out swinging
Batting: RHB Jason Duncan 0-0: Foul Ball, location: 2F
0-1: Ball
1-1: Fly out, F7 (Flyball, 78S, EV 85.0 MPH)
Bottom of the 9th over - 0 runs, 0 hits, 0 errors, 0 left on base; Oklahoma State University 5 - Clemson University 2
Thursday, December 15th , 2022 - OOTP Baseball 23.9 Build 102